 Dungeon Crawl Stone Soup version 0.30.1-3-gfc49f6343a (webtiles) character file.

Game seed: 18254178526967993117

948 Destapler the Trooper (level 7, -1/55 HPs)
             Began as a Demonspawn Transmuter on July 29, 2023.
             Slain by an orc warrior
             ... wielding a +0 scimitar
              (2 damage)
             ... on level 6 of the Dungeon.
             The game lasted 00:14:01 (2894 turns).

Destapler the Trooper (Demonspawn Transmuter)       Turns: 2894, Time: 00:14:02

Health: -1/55      AC:  5    Str: 11    XL:     7   Next: 89%
Magic:  10/12      EV: 17    Int: 14    God:
Gold:   165        SH:  0    Dex: 15    Spells: 6/12 levels left

rFire   . .          .
                       - Unarmed
rCold   . . .        (no shield)
rNeg    . . .        a - +0 robe
rPois   .            (helmet currently unavailable)
rElec   .            (no cloak)
rCorr   .            (no gloves)
SInv    .            (boots currently unavailable)
Will    .....        k - amulet of regeneration
Stlth   ++           i - +5 ring of evasion
HPRegen 1.09/turn    (no ring)
MPRegen 0.13/turn

%: no passive effects
@: mighty, appendages, wereblooded
A: horns 2, talons 2, icy blue scales 2, spiny 1, demonic touch 1
a: End Transformation


You were on level 6 of the Dungeon.
You had temporarily grown beastly horns and talons.
You visited 1 branch of the dungeon, and saw 6 of its levels.

You collected 165 gold pieces.

Inventory:

Armour
 a - a +0 robe (worn)
Jewellery
 b - an amulet of guardian spirit
 i - a +5 ring of evasion (left hand)
 k - an amulet of regeneration (around neck)
Wands
 s - a wand of roots (10)
 u - a wand of charming (9)
 y - a wand of flame (51)
Scrolls
 c - a scroll of fear {unknown}
 f - 2 scrolls of fog
 g - a scroll of magic mapping {unknown}
 h - a scroll of blinking {unknown}
 m - 2 scrolls of vulnerability {unknown}
 r - a scroll of enchant weapon {unknown}
 t - a scroll of teleportation {unknown}
 v - a scroll of noise {unknown}
 w - 2 scrolls of identify {unknown}
 z - a scroll of poison {unknown}
Potions
 d - 2 potions of attraction {unknown}
 e - a potion of berserk rage {unknown}
 l - 3 potions of ambrosia {unknown}
 n - 2 potions of curing {unknown}
 o - 2 potions of haste {unknown}
 p - a potion of heal wounds {unknown}
 q - a potion of degeneration {unknown}
 x - 3 potions of resistance {unknown}


   Skills:
 + Level 4.4 Fighting
 + Level 1.2 Armour
 + Level 2.6 Dodging
 + Level 1.5 Stealth
 + Level 4.3 Unarmed Combat
 + Level 3.4 Spellcasting
 + Level 4.3 Transmutations
 + Level 1.0 Ice Magic
 + Level 1.1 Poison Magic
 + Level 1.1 Evocations


You had 6 spell levels left.
You knew the following spells:

 Your Spells              Type           Power      Damage    Failure   Level
a - Beastly Appendage     Tmut           28%        N/A       3%          1
b - Wereblood             Tmut           14%        N/A       5%          2
c - Spider Form           Tmut/Pois      10%        N/A       21%         3

Your spell library contained the following spells:

 Spells                   Type           Power      Damage    Failure   Level
 Apportation              Tloc           4%         N/A       21%         1
 Kiss of Death            Conj/Necr      8%         2d6       21%         1
 Cigotuvi's Dreadful Rot  Necr/Pois/Air  6%         N/A       26%         2
 Ignite Poison            Fire/Tmut/Pois 7%         N/A       28%         3
 Call Canine Familiar     Summ           2%         N/A       52%         3
 Confusing Touch          Hex            2%         N/A       52%         3
 Portal Projectile        Hex/Tloc       4%         N/A       52%         3
 Ice Form                 Ice/Tmut       9%         N/A       56%         4
 Alistair's Intoxication  Tmut/Pois      6%         N/A       88%         5
 Dispel Undead            Necr           2%         3d7       90%         4
 Leda's Liquefaction      Hex/Erth       1%         N/A       90%         4
 Freezing Cloud           Conj/Ice/Air   1%         6-21      99%         5
 Conjure Ball Lightning   Conj/Air       1%         3x3d6     100%        6
 Discord                  Hex            1%         N/A       100%        8
 Disjunction              Tloc           1%         N/A       100%        8


Dungeon Overview and Level Annotations

Branches:
Dungeon (7/15)
 Temple: D:4-7

Altars:

Annotations:
D:7 2 runed translucent doors, Condegh's ghost, novice MfGl


Innate Abilities, Weirdness & Mutations

You have temporarily grown beastly horns and talons.
You are mostly covered in icy blue scales. (AC +3)
You are partially covered in sharp spines.
Your touch may inflict minor irresistible damage on your foes.


Message History

You climb upwards.
The gnoll is struck by your spines. The gnoll barely misses you.
The gnoll closely misses you. The orc warrior closely misses you.
There is a stone staircase leading down here.
Unknown command.
You hit the orc warrior.
You claw the orc warrior, but do no damage.
Your touch misses the orc warrior.
The orc warrior is lightly wounded.
The gnoll hits you from afar with a +0 spear.
The gnoll hits you with a +0 flail! The gnoll completely misses you.
The gnoll barely misses you. The orc is struck by your spines.
The orc misses you. The orc warrior misses you.
You feel very mighty all of a sudden.
You howl as the wereblood boils in your veins!
The gnoll hits you with a +0 flail! The gnoll closely misses you.
The gnoll hits you with a +0 club!
* * * LOW HITPOINT WARNING * * *
The gnoll barely misses you. The orc closely misses you.
The orc warrior barely misses you.
You closely miss the orc warrior. Your kick misses the orc warrior.
Your headbutt misses the orc warrior.
The orc warrior is lightly wounded.
The gnoll misses you. The gnoll is struck by your spines.
The gnoll hits you with a +0 flail.
* * * LOW HITPOINT WARNING * * *
The gnoll is struck by your spines. The gnoll closely misses you.
The gnoll misses you. The orc is struck by your spines. The orc misses you.
The orc warrior hits you with a +0 scimitar!
* * * LOW HITPOINT WARNING * * *
You punch the orc warrior! Your headbutt misses the orc warrior.
The orc warrior is moderately wounded.
The gnoll hits you from afar with a +0 spear.
* * * LOW HITPOINT WARNING * * *
The gnoll misses you.
The gnoll hits you from afar with a +0 halberd.
* * * LOW HITPOINT WARNING * * *
The gnoll completely misses you. The orc misses you.
The orc warrior hits you with a +0 scimitar.
You die...

### #.
...##.#####
#........#
#.......#
#......#
#......#
...#....[.#
......g@g.#
...#..o.og#
#...g..#
#......#
#......#
######.# .#
.#


You could see an orc warrior, 4 gnolls and an orc.

Vanquished Creatures
  Sigmund (D:2)
  A shadow (D:7)
  A wyvern (D:7)
  The ghost of syranez the Chopper, an amateur HOBe of Trog (D:3)
  A phantom (D:3)
  A bullfrog zombie (D:3)
  A bullfrog skeleton (D:3)
  A gnoll bouda (D:7)
  A centaur skeleton (D:3)
  Terence (D:2)
  9 gnolls
  2 adders (D:3)
  An ufetubus (D:4)
  2 worms
  10 orcs
  2 ball pythons
  7 bats
  8 endoplasms
  A giant cockroach (D:2)
  3 goblins
  2 hobgoblins (D:1)
  7 jackals
  2 quokkas
  6 frilled lizards
  4 kobolds
  7 rats
83 creatures vanquished.

Notes
Turn   | Place    | Note
-------+----------+-------------------------------------------
     0 | D:1      | Destapler the Demonspawn Transmuter began the quest for the
                  | Orb.
     0 | D:1      | Reached XP level 1. HP: 15/15 MP: 3/3
   179 | D:1      | Gained mutation: You are partially covered in icy blue
                  | scales. (AC +2) [demonic ancestry]
   179 | D:1      | Reached XP level 2. HP: 18/21 MP: 3/5
   451 | D:1      | Learned a level 2 spell: Wereblood
   564 | D:1      | Reached XP level 3. HP: 27/27 MP: 4/6
  1194 | D:2      | Noticed Sigmund
  1235 | D:2      | Noticed Terence
  1276 | D:2      | Killed Terence
  1319 | D:2      | Gained mutation: You are partially covered in sharp spines.
                  | [demonic ancestry]
  1319 | D:2      | Reached XP level 4. HP: 34/34 MP: 4/7
  1744 | D:2      | Killed Sigmund
  1745 | D:2      | Gained mutation: Your touch may inflict minor irresistible
                  | damage on your foes. [demonic ancestry]
  1745 | D:2      | Reached XP level 5. HP: 36/41 MP: 5/9
  1786 | D:3      | Noticed syranez's ghost (amateur HOBe)
  1786 | D:3      | Found a transporter.
  1793 | D:3      | Gained mutation: You are mostly covered in icy blue scales.
                  | (AC +3) [demonic ancestry]
  1793 | D:3      | Reached XP level 6. HP: 45/47 MP: 8/10
  1796 | D:3      | Found a transporter.
  1820 | D:3      | Killed syranez's ghost
  1821 | D:3      | Reached XP level 7. HP: 38/54 MP: 8/11
  1955 | D:3      | Learned a level 3 spell: Spider Form
  2773 | D:4      | You fall into a shaft and drop 3 floors!
  2795 | D:7      | Noticed a wyvern
  2807 | D:7      | Killed a wyvern
  2808 | D:7      | Reached skill level 1 in Armour
  2808 | D:7      | Reached skill level 1 in Stealth
  2817 | D:7      | Noticed a shadow
  2831 | D:7      | Killed a shadow
  2832 | D:7      | Reached skill level 1 in Poison Magic
  2832 | D:7      | Reached skill level 1 in Evocations
  2865 | D:7      | Found a large runed translucent door.
  2866 | D:7      | Found a large runed translucent door.
  2866 | D:7      | Noticed Condegh's ghost (novice MfGl)
  2888 | D:7      | Reached skill level 1 in Ice Magic
  2894 | D:6      | HP: 1/55 [gnoll/+0 halberd[a gnoll bouda] (3)]
  2894 | D:6      | Slain by an orc warrior

Illustrated notes

Levels and vault maps discovered:
D:1:      minmay_arrival_solitary_statue, layout_loops_cross,
          minmay_misc_feat_tower, minmay_crystal_water
D:2:      layout_basic, minivault_11, minmay_misc_feat_square, uniq_sigmund,
          uniq_terence
D:3:      minmay_door_path, layout_loops_cross, gammafunk_ghost_mausoleum,
          minmay_vboxes
D:4:      layout_loops_cross, mainiacjoe_overflow_six_doors_small,
          uniq_blork_the_orc, uniq_crazy_yiuf_cottage
D:6:      layout_basic, nicolae_overflow_crystal_walls,
          gammafunk_temple_overflow_claw, uniq_menkaure, uniq_pikel, uniq_edmund
D:7:      layout_loops_ring, minmay_temple_entry_gardened_gates,
          ebering_ghost_disaster_area, uniq_maggie

Skill      XL: |  1  2  3  4  5  6  7 |
---------------+----------------------+-----
Dodging        | 2 |  2.6
Transmutations | 2 3 4 |  4.3
Unarmed Combat | 3 4 |  4.3
Fighting       | 2 3 4 |  4.4
Spellcasting   | 3 |  3.4
Armour         | 1 |  1.2
Stealth        | 1 |  1.5
Poison Magic   | 1 |  1.1
Evocations     | 1 |  1.1
Ice Magic      | 1 |  1.0

Action                     |  1- 3 |  4- 6 |  7- 9 || total
---------------------------+-------+-------+-------++-------
  Melee: Unarmed           |   114 |    38 |    47 ||   199
         Kick              |    26 |    14 |     9 ||    49
         Headbutt          |    15 |     5 |     3 ||    23
         Touch             |       |     5 |     8 ||    13
   Cast: Beastly Appendage |    26 |     5 |    13 ||    44
         Wereblood         |     2 |     3 |     3 ||     8
    Use: Potion            |       |     1 |     2 ||     3
         Scroll            |       |       |     1 ||     1
   Stab: Sleeping          |     2 |       |       ||     2
 Armour: Robe              |    23 |     7 |     5 ||    35
         Skin              |       |       |    12 ||    12
  Dodge: Dodged            |    94 |    35 |    41 ||   170
